 Dungeon Crawl Stone Soup version 0.26-a0-958-gf3041fb45f (webtiles) character file.

Game seed: 15967746245461258396

450 lunkers the Grave Robber (level 6, -2/84 HPs)
             Began as a Deep Dwarf Necromancer on Dec 1, 2020.
             Slain by a wraith (4 damage)
             ... in an ossuary.
             The game lasted 00:13:59 (5220 turns).

lunkers the Grave Robber (Deep Dwarf Necromancer)   Turns: 5220, Time: 00:14:00

Health: -2/84      AC: 12    Str: 11 (13) XL:     6   Next: 74%
Magic:  8/8        EV: 13    Int: 15 (16) God:
Gold:   247        SH:  0    Dex: 17 (19) Spells: 4/8 levels left

rFire    . . .     SeeInvis .   a - +1 mace (protect)
rCold    . . .     Faith    .   (no shield)
rNeg     . . .     Spirit   .   l - +0 robe
rPois    .         Reflect  .   m - +2 helmet
rElec    .         Harm     .   (no cloak)
rCorr    .         Rampage  .   (no gloves)
MR       .....                  (no boots)
Stlth    ..........             (no amulet)
HPRegen  0.00/turn              B - +6 ring of dexterity
MPRegen  0.11/turn              (no ring)

@: brilliant, berserking (expiring), protection aura, attractive, flying,
non-regenerating, hasted and slowed
A: damage resistance, heal wounds, sense surroundings 1, no regeneration
a: Heal Wounds


You were in an ossuary.
You visited 1 branch of the dungeon, and saw 4 of its levels.
You also visited: Ossuary.

You collected 247 gold pieces.

Inventory:

Hand Weapons
 a - a +1 mace of protection (weapon)
 b - a +0 short sword
 r - a +0 short sword of draining
 w - a +2 short sword of draining
Armour
 j - a +0 kite shield
 l - a +0 robe (worn)
 m - a +2 helmet (worn)
Jewellery
 B - a +6 ring of dexterity (left hand)
Scrolls
 c - 2 scrolls of amnesia {unknown}
 e - 4 scrolls of fear
 f - a scroll of teleportation {unknown}
 g - 4 scrolls of remove curse
 i - 2 scrolls of enchant weapon {unknown}
 n - 6 scrolls of identify {unknown}
 q - a scroll of random uselessness {unknown}
 u - a scroll of blinking {unknown}
 v - a scroll of fog {unknown}
 y - a scroll of enchant armour {unknown}
Potions
 d - a potion of degeneration
 h - a potion of cancellation
 k - a potion of heal wounds {unknown}
 o - a potion of brilliance
 p - a potion of attraction
 t - a potion of haste
 z - a potion of magic {unknown}
 A - a potion of resistance {unknown}


   Skills:
 + Level 3.4 Fighting
 - Level 2.1 Dodging
 - Level 2.4 Stealth
 - Level 1.7 Spellcasting
 * Level 7.7 Necromancy


You had 4 spell levels left.
You knew the following spells:

 Your Spells              Type           Power        Failure   Level
a - Vampiric Draining     Necr           #####.....   2%          3
b - Pain                  Necr           ####         1%          1

Your spell library contained the following spells:

 Spells                   Type           Power        Failure   Level
 Animate Skeleton         Necr           #####.       1%          1
 Animate Dead             Necr           #####.....   10%         4
 Agony                    Necr           #####...     26%         5


Dungeon Overview and Level Annotations

Branches:
Dungeon (4/15)            Ossuary (1/1)
 Temple: D:4-7

Altars:


Innate Abilities, Weirdness & Mutations

You are resistant to damage.
You can heal yourself by infusing magical energy.
You passively map a small area around you.
You do not regenerate.


Message History

A red film seems to cover your vision as you go berserk!
You feel yourself moving faster!
You feel mighty! The wraith barely misses you.
Unknown command.
You hit the wraith.
Your weapon exudes an aura of protection.
The wraith is lightly damaged.
The wraith hits you but does no damage.
You closely miss the wraith.
The wraith is lightly damaged.
The wraith hits you!
* * * LOW HITPOINT WARNING * * *
The wraith closely misses you.
You closely miss the wraith.
The wraith is lightly damaged.
The wraith hits you.
You hit the wraith.
Your weapon exudes an aura of protection.
The wraith is lightly damaged.
The wraith hits you.
You die...

#........#.#..#^#..#.#.
#..................^^..
#..####......^###......
#. #.'....8...# #...8..
#..####.......#+#......
#............^#.#......
#........^.............
#..####..####.....####.
#.,#!W@..# +...8...'.#.
*..####^.####^....####.
.....................
,............#.#......
, ####.......#'#^.....
#..#.'....8...#.#...8..
#.^####.......###......
#........^.............
#........#.#..#.#..#.#.


You could see a wraith.

Vanquished Creatures
  An elf zombie (Ossuary)
  A jelly (D:4)
  An orc wizard (D:3)
  2 orc priests (D:3)
  A worker ant (D:4)
  3 mummies (Ossuary)
  Robin (D:1)
  A gnoll (D:1)
  4 adders
  An ooze (D:2)
  5 worms
  5 dart slugs
  2 leopard geckos
  9 orcs
  8 giant cockroaches
  18 goblins
  11 hobgoblins
  7 jackals
  4 kobolds
  A ball python (D:3)
  3 bats
  7 frilled lizards
  A gnoll zombie (Ossuary)
  2 goblin zombies (Ossuary)
  4 hobgoblin zombies (Ossuary)
  4 kobold zombies (Ossuary)
  7 rats
114 creatures vanquished.

Vanquished Creatures (others)
  A fungus (D:1)
1 creature vanquished.

Grand Total: 115 creatures vanquished

Notes
Turn   | Place    | Note
-------+----------+-------------------------------------------
     0 | D:1      | lunkers the Deep Dwarf Necromancer began the quest for the
                  | Orb.
     0 | D:1      | Reached XP level 1. HP: 15/15 MP: 3/3
   220 | D:1      | Reached XP level 2. HP: 5/24 MP: 0/4
   288 | D:1      | Reached skill level 1 in Fighting
   293 | D:1      | Reached skill level 5 in Necromancy
   484 | D:1      | Reached XP level 3. HP: 24/31 MP: 1/5
  1586 | D:2      | Learned a level 3 spell: Vampiric Draining
  1614 | D:2      | Reached XP level 4. HP: 13/39 MP: 1/6
  1705 | D:2      | Noticed Robin
  2104 | D:1      | Killed Robin
  2232 | D:2      | Reached skill level 6 in Necromancy
  3019 | D:3      | Reached XP level 5. HP: 26/45 MP: 5/7
  3720 | D:3      | Reached skill level 7 in Necromancy
  4141 | D:3      | Reached XP level 6. HP: 54/55 MP: 1/8
  4721 | D:4      | Found a sand-covered staircase.
  4726 | Ossuary  | Entered an ossuary
  4726 | Ossuary  | Noticed a wraith
  4726 | Ossuary  | Noticed a wraith
  4726 | Ossuary  | Noticed a wraith
  5208 | Ossuary  | Noticed a wraith
  5218 | Ossuary  | HP: 2/84 [wraith (5)]
  5220 | Ossuary  | Slain by a wraith

Illustrated notes

Levels and vault maps discovered:
D:1:      wander_arrival_fairy_ring, layout_loops_ring, minmay_misc_feat_x
D:2:      layout_rooms, eino_tiny_chamber, uniq_robin
D:3:      layout_loops_corners
D:4:      layout_basic, nicolae_ossuary_entry_plus,
          chequers_serial_rivers_micro_d, chequers_mini_garden, kennysheep_nub
Ossuary:  ossuary_kennysheep_city_of_the_dead

Skill      XL: |  1  2  3  4  5  6 |
---------------+-------------------+-----
Fighting       | 1 2 3 |  3.4
Necromancy     | 5 6 7 |  7.7
Dodging        | |  2.1
Stealth        | |  2.4
Spellcasting   | |  1.7

Action                   |  1- 3 |  4- 6 || total
-------------------------+-------+-------++-------
Melee: Short sword       |    30 |     1 ||    31
       Mace              |       |   120 ||   120
 Cast: Pain              |    82 |    81 ||   163
       Vampiric Draining |       |    28 ||    28
 Abil: Heal Wounds       |     1 |     3 ||     4
Evoke: Wand              |       |     5 ||     5
  Use: Scroll            |       |     2 ||     2
       Potion            |       |     7 ||     7
 Stab: Paralysed         |       |    11 ||    11
Armor: Robe              |    16 |    43 ||    59
Dodge: Dodged            |    39 |    93 ||   132

Table legend: (Time is in decaauts)
 A = Elapsed time spent in this place.
 B = Non-inter-level travel time spent in this place.
 C = Inter-level travel time spent in this place.
 D = Time resting spent in this place.
 E = Time spent auto-exploring this place.
 F = Levels seen in this place.
 G = Mean time per level.
                   A        B        C        D        E       F      G
               +--------+--------+--------+--------+--------+-----+--------+
         Total |   5281 |   5214 |     67 |    708 |   2971 |   5 | 1056.2 |
       Dungeon |   4751 |   4684 |     67 |    708 |   2963 |   4 | 1187.8 |
       Ossuary |    530 |    530 |      0 |      0 |      8 |   1 |  530.0 |
               +--------+--------+--------+--------+--------+-----+--------+

Top non-repeatable levels by time:
     D:1: 1778 daAuts
     D:3: 1777 daAuts
     D:2: 959 daAuts
 Ossuary: 530 daAuts
     D:4: 235 daAuts
